 Dungeon Crawl Stone Soup version 0.26-a0-84-g8c18429211 (webtiles) character file.

Game seed: 15305777041208098105

116 MarredHen the Archer (level 5, -3/43 HPs)
             Began as a Gnoll Hunter on June 18, 2020.
             Slain by Grinder (4 damage)
             ... on level 3 of the Dungeon.
             The game lasted 00:02:11 (1683 turns).

MarredHen the Archer (Gnoll Hunter)                 Turns: 1683, Time: 00:02:11

Health: -3/43      AC:  4    Str: 15    XL:     5   Next: 1%
Magic:  6/6        EV: 14    Int: 13    God:
Gold:   113        SH:  0    Dex: 16    Spells: 6/6 levels left

rFire    . . .     SeeInvis .   a - +1 shortbow
rCold    . . .     Gourm    .   (shield currently unavailable)
rNeg     . . .     Faith    .   c - +0 leather armour
rPois    .         Spirit   .   (no helmet)
rElec    .         Reflect  .   (no cloak)
rCorr    .         Harm     .   (no gloves)
MR       .....                  j - +0 pair of boots
Stlth    ++........             (no amulet)
HPRegen  0.14/turn              (no ring)
MPRegen  0.10/turn              (no ring)

@: stab
A: distributed training, fangs 1, strong nose
a: no special abilities


You were on level 3 of the Dungeon.
You were not hungry.

You visited 1 branch of the dungeon, and saw 3 of its levels.

You collected 113 gold pieces.

Inventory:

Hand Weapons
 a - a +1 shortbow (weapon)
 k - a +2 dagger of venom
Missiles
 d - 41 arrows (quivered)
Armour
 c - a +0 leather armour (worn)
 j - a +0 pair of boots (worn)
Scrolls
 b - 3 scrolls of teleportation {unknown}
 e - a scroll of noise {unknown}
 g - 3 scrolls of identify {unknown}
 h - 2 scrolls of amnesia {unknown}
 l - a scroll of blinking {unknown}
Potions
 i - a potion of stabbing
 m - a potion of curing
 n - a potion of ambrosia {unknown}
 o - a potion of flight {unknown}
Comestibles
 f - 6 rations


   Skills:
 + Level 4.7 Fighting
 + Level 1.2 Short Blades
 + Level 1.2 Long Blades
 + Level 1.2 Axes
 + Level 1.2 Maces & Flails
 + Level 1.2 Polearms
 + Level 1.2 Staves
 + Level 1.2 Slings
 + Level 8.6 Bows
 + Level 1.2 Crossbows
 + Level 1.2 Throwing
 + Level 1.2 Armour
 + Level 4.7 Dodging
 + Level 2.6 Stealth
 + Level 1.2 Shields
 + Level 1.2 Unarmed Combat
 + Level 1.2 Spellcasting
 + Level 1.0 Conjurations
 + Level 1.0 Hexes
 + Level 1.0 Charms
 + Level 1.0 Summonings
 + Level 1.0 Necromancy
 + Level 1.0 Translocations
 + Level 1.0 Transmutations
 + Level 1.0 Fire Magic
 + Level 1.0 Ice Magic
 + Level 1.0 Air Magic
 + Level 1.0 Earth Magic
 + Level 1.0 Poison Magic
 + Level 1.4 Invocations
 + Level 1.2 Evocations


You had 6 spell levels left.
You didn't know any spells.
Your spell library was empty.

Dungeon Overview and Level Annotations

Branches:
Dungeon (3/15)

Altars:
Wu Jian

Annotations:
D:3 Grinder


Innate Abilities, Weirdness & Mutations

Your experience applies equally to all skills.
You have very sharp teeth.
Your uncanny sense of smell can sniff out nearby items.


Message History

Grinder gestures at you. Pain shoots through your body!
* * * LOW HITPOINT WARNING * * *
Grinder hits you.
* * * LOW HITPOINT WARNING * * *
You writhe in agony.
* * * LOW HITPOINT WARNING * * *
Grinder barely misses you.
You can move again.
It was a potion of curing.
You feel better. Grinder hits you.
* * * LOW HITPOINT WARNING * * *
You writhe in agony.
* * * LOW HITPOINT WARNING * * *
Unknown command.
It was a potion of stabbing.
You feel ready to backstab. Grinder hits you.
* * * LOW HITPOINT WARNING * * *
You writhe in agony.
You die...

#. # #.# .## ...# ..# ....##.#
...#.# ...#
#.#################
##(.()(@5..........#
##(.###############.# #5..#
#.# ...(((...##### #.#
....######...###########.###.#
(............+..............>.
##########...######.####.###.#
... #...# #...####...
#.######...####.....######


You could see Grinder.

Vanquished Creatures
  A centaur skeleton (D:2)
  A worker ant zombie (D:3)
  An adder (D:3)
  2 worms
  2 dart slugs
  An orc (D:3)
  3 giant cockroaches
  6 goblins
  7 hobgoblins
  5 jackals
  A ball python (D:1)
  6 bats
  3 frilled lizards
  8 kobolds
  8 rats
55 creatures vanquished.

Notes
Turn   | Place    | Note
-------+----------+-------------------------------------------
     0 | D:1      | MarredHen the Gnoll Hunter began the quest for the Orb.
     0 | D:1      | Reached XP level 1. HP: 20/20 MP: 1/1
   123 | D:1      | Reached XP level 2. HP: 26/26 MP: 2/2
   426 | D:1      | Reached XP level 3. HP: 31/31 MP: 3/3
  1073 | D:2      | Reached skill level 1 in Invocations
  1238 | D:2      | Found an ornate altar of the Wu Jian Council.
  1305 | D:2      | Reached skill level 1 in Short Blades
  1305 | D:2      | Reached skill level 1 in Long Blades
  1305 | D:2      | Reached skill level 1 in Axes
  1305 | D:2      | Reached skill level 1 in Maces & Flails
  1305 | D:2      | Reached skill level 1 in Polearms
  1305 | D:2      | Reached skill level 1 in Staves
  1305 | D:2      | Reached skill level 1 in Slings
  1305 | D:2      | Reached skill level 1 in Crossbows
  1305 | D:2      | Reached skill level 1 in Throwing
  1305 | D:2      | Reached skill level 1 in Armour
  1305 | D:2      | Reached skill level 1 in Shields
  1305 | D:2      | Reached skill level 1 in Unarmed Combat
  1305 | D:2      | Reached skill level 1 in Spellcasting
  1305 | D:2      | Reached skill level 1 in Evocations
  1305 | D:2      | Reached XP level 4. HP: 38/38 MP: 5/5
  1575 | D:3      | Reached skill level 1 in Conjurations
  1575 | D:3      | Reached skill level 1 in Hexes
  1575 | D:3      | Reached skill level 1 in Charms
  1575 | D:3      | Reached skill level 1 in Summonings
  1575 | D:3      | Reached skill level 1 in Necromancy
  1575 | D:3      | Reached skill level 1 in Translocations
  1575 | D:3      | Reached skill level 1 in Transmutations
  1575 | D:3      | Reached skill level 1 in Fire Magic
  1575 | D:3      | Reached skill level 1 in Ice Magic
  1575 | D:3      | Reached skill level 1 in Air Magic
  1575 | D:3      | Reached skill level 1 in Earth Magic
  1575 | D:3      | Reached skill level 1 in Poison Magic
  1651 | D:3      | Noticed Grinder
  1673 | D:3      | Reached XP level 5. HP: 18/43 MP: 6/6
  1675 | D:3      | Paralysed by Grinder for 6 turns
  1680 | D:3      | HP: 2/43 [Grinder (5)]
  1683 | D:3      | Slain by Grinder

Illustrated notes

Levels and vault maps discovered:
D:1:      shiori_arrival_elements, layout_rooms
D:2:      layout_basic, marbit_many_paths
D:3:      layout_basic, grunt_temple_overflow_lords_of_destruction,
          lemuel_round_altar, kennysheep_generic_room_14, uniq_grinder

Skill      XL: |  1  2  3  4 |
---------------+-------------+-----
Invocations    | 1 |  1.4
Short Blades   | 1 |  1.2
Long Blades    | 1 |  1.2
Axes           | 1 |  1.2
Maces & Flails | 1 |  1.2
Polearms       | 1 |  1.2
Staves         | 1 |  1.2
Slings         | 1 |  1.2
Crossbows      | 1 |  1.2
Throwing       | 1 |  1.2
Armour         | 1 |  1.2
Shields        | 1 |  1.2
Unarmed Combat | 1 |  1.2
Spellcasting   | 1 |  1.2
Evocations     | 1 |  1.2
Conjurations   | 1 |  1.0
Hexes          | 1 |  1.0
Charms         | 1 |  1.0
Summonings     | 1 |  1.0
Necromancy     | 1 |  1.0
Translocations | 1 |  1.0
Transmutations | 1 |  1.0
Fire Magic     | 1 |  1.0
Ice Magic      | 1 |  1.0
Air Magic      | 1 |  1.0
Earth Magic    | 1 |  1.0
Poison Magic   | 1 |  1.0
Fighting       | |  4.7
Bows           | |  8.6
Dodging        | |  4.7
Stealth        | |  2.6

Action                   |  1- 3 |  4- 6 || total
-------------------------+-------+-------++-------
Melee: Dagger            |     3 |       ||     3
 Fire: Shortbow          |   100 |    39 ||   139
  Use: Potion            |       |     2 ||     2
  Eat: Chunk             |       |     2 ||     2
Armor: Leather armour    |     5 |     3 ||     8
Dodge: Dodged            |    14 |    23 ||    37

Table legend:
 A = Non-vault XP
 B = Vault XP
 C = Vault XP percentage of total XP
 D = Non-vault monster count
 E = Vault monster count
 F = Vault count percentage of total count
                 A         B        C        D         E       F
            +---------+---------+-------+---------+---------+-------
      Total |     165 |       2 |   1.2 |      54 |       1 |   1.8
            +---------+---------+-------+---------+---------+-------
        D:1 |      36 |       0 |   0.0 |      22 |       0 |   0.0
        D:2 |      90 |       2 |   2.2 |      25 |       1 |   3.8
        D:3 |      39 |       0 |   0.0 |       7 |       0 |   0.0
            +---------+---------+-------+---------+---------+-------
